cohdb
Replays
Latest Replays
All Replays
Popular Replays
Top Player Replays
Match Explorer
How It Works
Community
CoH3 Stats
Reddit
Sign in to upload your games and track your stats! →
Sign in with Steam
Match 40615266
Unlisted
Match 40615266
Overview
Messages
Build Orders
End
Pioneer Squad
Construct Infanterie Kompanie
MG 42 Machine Gun Team
Grenadier Squad
Grenadier Squad
Grenadier Squad
Infanterie Officer Quarters
Selects Terror Battlegroup
Selects Machine Gun Camouflage
Selects Interrogate
Construct Luftwaffe Kompanie
Flak 30 Anti-aircraft Gun Team
Support Elements
Jäger Squad
Wirbelwind Flakpanzer
Luftwaffe Officer Quarters
Pioneer Squad
Grenadier Squad
Selects Defend the Fatherland
Medical Bunker
Selects King Tiger Heavy Tank
King Tiger Heavy Tank
BALCK_9
sharpshooter
Azusa
Eilte
0
0
Comments
sign in to comment!
No comments posted yet!